Map: Abiogenesis LE

Players

GogojOey - Winner!

  • Race: Zerg Zerg
  • Spawn Location: 11:00

Cham

  • Race: Zerg Zerg
  • Spawn Location: 5:00

Event: WCS Leipzig 2018

VOD

Have the link to the VOD?

Description

Time

  • Played on: Jan. 26, 2018, 12:24 p.m.
  • Length: 7:33

All games in this series

Show
View Real Time Build Order
Export as new Build Order

GogojOey Zerg - Winner!

Build Orders: Hatch First 

Get SALT Encoding   

  12  0:00  Drone  
  13  0:12  Overlord  
  13  0:17  Drone  
  14  0:31  Drone x2  
  14  0:34  Drone  
  17  0:52  Hatchery  
  17  0:55  Drone  
  17  0:58  Drone  
  18  1:09  Extractor  
  17  1:13  Spawning Pool  
  17  1:16  Drone  
  17  1:20  Drone  
  18  1:29  Drone  
  19  1:38  Overlord  
  19  2:00  Zergling x4, Queen  
  23  2:04  Zergling x2, Queen  
  26  2:09  Metabolic Boost  
  26  2:12  Drone  
  26  2:15  Drone  
  28  2:22  Drone  
  29  2:26  Drone  
  30  2:33  Drone  
  31  2:38  Drone  
  32  2:47  Hatchery  
  32  2:49  Drone  
  32  2:51  Overlord  
  29  3:20  Zergling x20  
  39  3:28  Roach Warren  
  39  3:29  Zergling x2  
  39  3:32  Overlord  
  39  3:39  Zergling x2  
  40  3:42  Zergling x2  
  41  3:49  Zergling x2  
  41  3:50  Zergling x2  
  41  3:52  Overlord  
  41  3:54  Zergling x10  
  48  4:02  Zergling x2  
  49  4:09  Roach x2  
  50  4:12  Roach  
  50  4:15  Roach  
  48  4:18  Roach x2  
  48  4:19  Roach  
  51  4:25  Zergling x2, Roach  
  54  4:33  Drone x3  
  57  4:40  Drone x3  
  57  4:45  Overlord  
  60  4:52  Evolution Chamber  
  59  4:56  Drone  
  59  4:57  Drone x3  
  63  5:05  Overlord  
  63  5:06  Roach  
  64  5:13  Queen  
  66  5:16  Drone x2  
  66  5:17  Extractor  
  67  5:26  Drone x3  
  70  5:31  Overlord  
  70  5:35  Zerg Ground Armor Level 1  
  70  5:36  Drone x3  
  70  5:37  Drone  
  70  5:40  Roach  
  75  5:47  Roach, Zergling x4  
  79  5:52  Roach  
  79  5:54  Overlord  
  83  5:57  Roach  
  83  6:02  Spine Crawler, Roach  
  84  6:06  Roach  
  84  6:07  Zergling x6  
  89  6:13  Roach, Zergling x2  
  89  6:14  Zergling x2  
  89  6:18  Roach, Zergling x4  
  96  6:22  Roach  
  96  6:23  Overlord  
  97  6:28  Roach  
  97  6:30  Zergling x2  
  97  6:39  Overlord x2  
  93  6:47  Overlord  
  97  6:54  Roach x6  
  97  6:59  Drone x2  
  97  7:00  Drone x2  
  109  7:01  Extractor  
  109  7:03  Roach x2  
  109  7:06  Zergling x6  
  115  7:11  Roach  
Show
View Real Time Build Order
Export as new Build Order

Cham Zerg 

Build Orders: Hatch First 

Get SALT Encoding   

  12  0:01  Drone  
  13  0:08  Drone  
  14  0:18  Overlord  
  14  0:36  Drone x3  
  17  0:52  Hatchery  
  16  1:05  Spawning Pool  
  16  1:08  Extractor  
  16  1:10  Drone  
  15  1:15  Drone  
  15  1:17  Drone  
  17  1:22  Drone  
  18  1:33  Drone  
  19  1:43  Overlord  
  19  1:52  Queen  
  21  1:58  Drone  
  22  2:08  Metabolic Boost  
  22  2:16  Drone  
  22  2:18  Hatchery  
  22  2:19  Drone  
  23  2:30  Roach Warren  
  23  2:32  Zergling x2  
  23  2:35  Zergling x2  
  24  2:38  Zergling x2  
  25  2:45  Overlord  
  25  2:59  Overlord  
  25  3:11  Roach x3  
  25  3:12  Roach  
  31  3:16  Roach  
  31  3:18  Roach  
  34  3:24  Roach  
  38  3:27  Roach  
  38  3:30  Zergling x2  
  38  3:33  Zergling x2  
  40  3:35  Zergling x2  
  40  3:39  Zergling x2  
  42  3:42  Zergling x2  
  42  3:43  Zergling x2  
  42  3:47  Zergling x2  
  45  3:49  Zergling x2  
  45  3:52  Zergling x2  
  45  3:55  Zergling x2  
  48  3:57  Zergling x2  
  48  4:00  Zergling x2  
  50  4:04  Zergling x2  
  50  4:07  Zergling x2  
  50  4:09  Zergling x2  
  50  4:11  Zergling x2  
  50  4:16  Zergling x2  
  37  4:24  Baneling Nest  
  37  4:27  Drone  
  37  4:28  Drone  
  38  4:31  Drone  
  38  4:33  Zergling x4  
  38  4:37  Drone  
  42  4:38  Drone  
  42  4:42  Drone  
  44  4:45  Drone  
  44  4:47  Drone  
  46  4:55  Queen  
  48  5:01  Drone x2  
  48  5:04  Queen  
  52  5:11  Overlord  
  52  5:16  Drone x2  
  52  5:17  Zergling x4  
  52  5:19  Zergling x2  
  57  5:21  Baneling  
  57  5:22  Baneling x2  
  57  5:24  Zergling x2  
  58  5:31  Drone  
  59  5:36  Zergling x4  
  59  5:37  Overlord  
  59  5:39  Overlord  
  59  5:42  Zergling x4  
  63  5:45  Zergling x4  
  63  5:48  Zergling x2  
  66  5:56  Overlord x2  
  66  5:58  Zergling x2  
  66  5:59  Zergling x2  
  67  6:05  Zergling x2  
  67  6:07  Baneling x4  
  67  6:08  Zergling x2  
  67  6:11  Zergling x2  
  70  6:12  Zergling x4  
  70  6:16  Baneling  
  70  6:17  Zergling x2  
  73  6:27  Zergling x6  
  73  6:28  Baneling x2  
  74  6:36  Zergling x4  
  74  6:38  Zergling x8  
  78  6:44  Zergling x6  
  78  6:45  Zergling x4  
  78  6:47  Zergling x6  
  80  6:49  Zergling x2  
  80  6:50  Zergling x2  
  80  6:52  Zergling x2  
  84  6:54  Zergling x2  
  84  6:56  Zergling x2  
  84  6:58  Zergling x2  
  87  7:03  Baneling x3  
  87  7:04  Baneling  
  87  7:05  Zergling x2  
  87  7:07  Zergling x4  
  90  7:11  Zergling x2  
  90  7:13  Zergling x2  
  90  7:14  Baneling  
  90  7:15  Zergling x4  
Tags
 
Add a new tag
Caveats
  • Supply blocks, unpowered buildings, or Contaminate may cause inaccurate times.
  • Supply counts are checked every 10 seconds.